 Dungeon Crawl Stone Soup version 0.28-a0-1190-g77e1c55843 (webtiles) character file.

Game seed: 6876747494865272299

1987 ChaosChampion the Thaumaturge (level 9, -1/45 HPs)
             Began as a Deep Elf Conjurer on Dec 18, 2021.
             Slain by an orc warrior (15 damage)
             ... on level 7 of the Dungeon.
             The game lasted 00:07:32 (6496 turns).

ChaosChampion the Thaumaturge (Deep Elf Conjurer)   Turns: 6496, Time: 00:07:32

Health: -1/45      AC:  4    Str:  4    XL:     9   Next: 1%
Magic:  9/25       EV: 12    Int: 28    God:
Gold:   265        SH:  0    Dex: 13    Spells: 13/29 levels left

rFire   . . .      SeeInvis .   d - staff of conjuration
rCold   . . .      Faith    .   (no shield)
rNeg    . . .      Spirit   .   a - +0 robe
rPois   .          Reflect  .   (no helmet)
rElec   .          Harm     .   (no cloak)
rCorr   .          Rampage  .   g - +1 pair of gloves
Will    .....                   (no boots)
Stlth   ++........              (no amulet)
HPRegen 0.15/turn               k - ring of flight
MPRegen 0.19/turn               (no ring)

@: weak-willed, flying
A: no striking features
a: no special abilities


You were on level 7 of the Dungeon.
You visited 1 branch of the dungeon, and saw 9 of its levels.

You collected 265 gold pieces.

Inventory:

Armour
 a - a +0 robe (worn)
 g - a +1 pair of gloves (worn)
 s - a +2 tower shield
Magical Staves
 d - a staff of conjuration (weapon)
 v - a staff of death
Jewellery
 k - a ring of flight (left hand)
 n - an amulet of guardian spirit
 u - a +6 ring of dexterity
Wands
 m - a wand of flame (16)
 x - a wand of iceblast (4)
Scrolls
 j - 6 scrolls of identify
 l - a scroll of blinking
Potions
 b - 2 potions of lignification
 c - 2 potions of degeneration {unknown}
 f - a potion of flight {unknown}
 h - 3 potions of heal wounds
 i - 2 potions of mutation {unknown}
 o - 2 potions of curing {unknown}
 q - a potion of might {unknown}
 t - 2 potions of ambrosia {unknown}


   Skills:
 - Level 2.4 Dodging
 - Level 2.4 Stealth
 * Level 10.8 Spellcasting
 + Level 7.7 Conjurations
 + Level 6.4 Hexes
 - Level 4.0 Translocations


You had 13 spell levels left.
You knew the following spells:

 Your Spells              Type           Power      Damage    Failure   Level
a - Magic Dart            Conj           100%       1d8       1%          1
b - Searing Ray           Conj           100%       2d8       1%          2
c - Fulminant Prism       Conj/Hex       35%        3d18      1%          4
d - Iskenderun's Mystic   Conj/Tloc      64%        2d13      3%          4
e - Tukima's Dance        Hex            51%        N/A       1%          3
z - Blink                 Tloc           74%        N/A       1%          2

Your spell library contained the following spells:

 Spells                   Type           Power      Damage    Failure   Level
 Dazzling Flash           Conj/Hex       100%       N/A       1%          3
 Mephitic Cloud           Conj/Pois/Air  44%        N/A       3%          3
 Call Imp                 Summ           15%        N/A       5%          2
 Passage of Golubria      Tloc           37%        N/A       7%          4
 Manifold Assault         Tloc           37%        N/A       21%         5
 Yara's Violent Unravell  Hex/Tmut       16%        3d8       26%         5
 Storm Form               Tmut/Air       7%         N/A       100%        7


Dungeon Overview and Level Annotations

Branches:
Dungeon (9/15)             Temple (0/1) D:4
   Lair: D:8-11         Orc: D:9-12

Altars:
Elyvilon


Message History

You kill the yak!
The searing ray hits the yak!
The yak is almost dead. (Press . to maintain the ray.)
Your Hexes skill increases to level 6!
The searing ray hits the yak!
You kill the yak!
The searing ray hits the yak.
The yak is lightly wounded.
The searing ray hits the yak.
The yak is lightly wounded.
You finish channelling your searing ray.
Casting: Searing Ray (safe; 1% risk of failure)
Confirm with . or Enter, or press ? or * to list all spells.
Aiming: Searing Ray (safe; 1% risk of failure)
Press: ? - help, Shift-Dir - straight line, f - yak
Aim: a yak (lightly wounded, 90% to hit)
You feel a surge of power!
The searing ray hits the yak!
The yak is moderately wounded. (Press . to maintain the ray.)
The yak gores you.
The searing ray hits the yak.
The yak is moderately wounded.
The yak gores you!
The searing ray hits the yak!
The yak is heavily wounded.
The yak gores you!
* * * LOW HITPOINT WARNING * * *
Casting: Searing Ray (safe; 1% risk of failure)
Confirm with . or Enter, or press ? or * to list all spells.
You feel a surge of power!
You erupt in a blast of force!
The mystic blast hits the yak!
You kill the yak!
You have reached level 9!
Your experience leads to an increase in your attributes!
Increase (S)trength, (I)ntelligence, or (D)exterity?
You feel clever. x2
An orc warrior comes into view. It is wielding a +0 battleaxe.
The orc warrior hits you with a +0 battleaxe!
You die...

.........##
..........#
#########.#
..# #.# #.#
#[# #.# #.#
##.## #.#
#####o..####.#
#...@.#......#
#†###...######
#.# ##.## #†#
#.# #.# #.#
#.# #.# ...
..# #.. ...
###


You could see an orc warrior.

Vanquished Creatures
  Grinder (D:5)
  3 yaks (D:7)
  A water moccasin (D:5)
  A sky beast (D:6)
  A centaur (D:6)
  A phantom (D:4)
  2 scorpions
  A water moccasin zombie (D:6)
  A water moccasin skeleton (D:6)
  3 wights (D:6)
  3 centaur zombies (D:6)
  3 bullfrog zombies (D:6)
  3 hounds
  2 bullfrog skeletons (D:6)
  3 centaur skeletons
  3 orc wizards
  2 howler monkey skeletons (D:6)
  A howler monkey zombie (D:6)
  4 adders
  5 worms
  2 dart slugs
  12 orcs
  11 endoplasms
  3 giant cockroaches
  6 goblins
  8 hobgoblins
  4 quokkas
  7 ball pythons
  3 bats
  5 frilled lizards
  7 kobolds
  4 rats
116 creatures vanquished.

Vanquished Creatures (others)
  11 fulminant prisms
11 creatures vanquished.

Grand Total: 127 creatures vanquished

Notes
Turn   | Place    | Note
-------+----------+-------------------------------------------
     0 | D:1      | ChaosChampion the Deep Elf Conjurer began the quest for the
                  | Orb.
     0 | D:1      | Reached XP level 1. HP: 10/10 MP: 6/6
   261 | D:1      | Reached XP level 2. HP: 15/15 MP: 5/8
   590 | D:1      | Reached skill level 4 in Spellcasting
  1045 | D:2      | Reached XP level 3. HP: 19/19 MP: 4/10
  1302 | D:2      | Learned a level 2 spell: Searing Ray
  1398 | D:2      | Found a faded altar of an unknown god.
  1443 | D:2      | Reached skill level 5 in Spellcasting
  1491 | D:2      | Reached skill level 5 in Conjurations
  1785 | D:3      | Reached XP level 4. HP: 24/24 MP: 10/13
  1820 | D:3      | Learned a level 4 spell: Fulminant Prism
  1829 | D:3      | Learned a level 4 spell: Iskenderun's Mystic Blast
  2140 | D:3      | Noticed Grinder
  2159 | D:3      | Paralysed by Grinder for 6 turns
  2897 | D:4      | Reached skill level 1 in Hexes
  2962 | D:4      | Reached skill level 1 in Translocations
  2962 | D:4      | Reached XP level 5. HP: 28/28 MP: 6/15
  3063 | D:4      | Noticed a phantom
  3105 | D:4      | Killed a phantom
  3106 | D:4      | Reached skill level 6 in Spellcasting
  3446 | D:4      | Found a staircase to the Ecumenical Temple.
  3486 | D:4      | Reached XP level 6. HP: 32/32 MP: 9/17
  3892 | D:5      | Entered Level 5 of the Dungeon
  3898 | D:5      | Identified a scroll of acquirement
  3898 | D:5      | Acquired a staff of conjuration
  4234 | D:5      | Paralysed by Grinder for 7 turns
  4241 | D:5      | Killed Grinder
  4242 | D:5      | Reached skill level 7 in Spellcasting
  4242 | D:5      | Reached XP level 7. HP: 9/36 MP: 2/19
  4876 | D:6      | Reached skill level 8 in Spellcasting
  5094 | D:6      | Noticed a two-headed ogre
  5444 | D:6      | Reached XP level 8. HP: 41/41 MP: 13/22
  5449 | D:6      | Reached skill level 9 in Spellcasting
  5449 | D:6      | Reached skill level 5 in Hexes
  5790 | D:6      | Learned a level 3 spell: Tukima's Dance
  5793 | D:6      | Learned a level 2 spell: Blink
  5926 | D:6      | Reached skill level 10 in Spellcasting
  6384 | D:6      | Found a white marble altar of Elyvilon.
  6442 | D:6      | You are sucked into a shaft and drop 3 floors!
  6494 | D:7      | Reached XP level 9. HP: 13/45 MP: 9/25
  6496 | D:7      | Slain by an orc warrior

Illustrated notes

Levels and vault maps discovered:
D:1:      matt_arrival_grand_opening, layout_loops_ring, nicolae_wormholes
D:2:      layout_rooms, basic_ecumenical_altar
D:3:      layout_rooms, lemuel_old_faithful, uniq_grinder
D:4:      layout_basic, minmay_temple_entry_statues_fountains, kennysheep_dice
D:5:      layout_gridville, minivault_23
D:6:      layout_basic, lemuel_doored_altar, serial_undead, serial_undead_a,
          serial_undead_c, serial_undead_c, serial_undead_a, serial_undead_a,
          eino_tiny_chamber
D:7:      layout_loops_ring
D:8:      layout_basic, dpeg_oklobed_lair, serial_park_tiny_2,
          grunt_ministairs_13
D:9:      layout_loops_ring, enter_bailey_3, kennysheep_generic_room_3

Skill      XL: |  1  2  3  4  5  6  7  8 |
---------------+-------------------------+-----
Spellcasting   | 4 5 6 7 8 10 | 10.8
Conjurations   | 5 6 7 |  7.7
Hexes          | 1 2 3 4 6 |  6.4
Translocations | 1 2 3 4 |  4.0
Dodging        | |  2.4
Stealth        | |  2.4

Action                   |  1- 3 |  4- 6 |  7- 9 || total
-------------------------+-------+-------+-------++-------
Melee: Staff             |       |       |     7 ||     7
 Cast: Magic Dart        |    86 |    72 |     6 ||   164
       Searing Ray       |       |    13 |    21 ||    34
       Fulminant Prism   |       |     3 |     8 ||    11
       Iskenderun's Myst |       |     1 |    12 ||    13
  Use: Scroll            |       |     6 |     4 ||    10
Armor: Robe              |       |     4 |    17 ||    21
Dodge: Dodged            |     2 |    11 |    33 ||    46

Table legend: (Time is in decaauts)
 A = Elapsed time spent in this place.
 B = Non-inter-level travel time spent in this place.
 C = Inter-level travel time spent in this place.
 D = Time resting spent in this place.
 E = Time spent auto-exploring this place.
 F = Levels seen in this place.
 G = Mean time per level.
                   A        B        C        D        E       F      G
               +--------+--------+--------+--------+--------+-----+--------+
         Total |   6500 |   6382 |    118 |   1636 |   4032 |   9 |  722.2 |
       Dungeon |   6500 |   6382 |    118 |   1636 |   4032 |   9 |  722.2 |
               +--------+--------+--------+--------+--------+-----+--------+

Top non-repeatable levels by time:
     D:5: 2159 daAuts
     D:3: 1127 daAuts
     D:1: 1039 daAuts
     D:4: 998 daAuts
     D:2: 725 daAuts
     D:6: 396 daAuts
     D:7: 45 daAuts
     D:9: 4 daAuts
     D:8: 2 daAuts
